Map: Nightshade LE

Players

Neeb - Winner!

  • Race: Protoss Protoss
  • Spawn Location: 11:00

TSGSolar (Solar)

  • Race: Zerg Zerg
  • Spawn Location: 5:00

VOD

Have the link to the VOD?

Description

Time

  • Played on: Jan. 7, 2020, 8:18 p.m.
  • Length: 7:56
Show
View Real Time Build Order
Export as new Build Order

Neeb Protoss - Winner!

Build Orders: 1 Gate Expand, Oracle Opening, Phoenix Opening 

Get SALT Encoding   

  12  0:00  Probe  
  13  0:13  Probe  
  14  0:19  Pylon  
  14  0:25  Probe  
  15  0:37  Probe (Chrono Boost)  
  16  0:43  Gateway  
  16  0:47  Probe (Chrono Boost)  
  16  0:48  Assimilator  
  17  0:52  Probe (Chrono Boost)  
  18  1:04  Probe  
  19  1:16  Probe  
  20  1:25  Nexus  
  20  1:37  Probe, Cybernetics Core  
  21  1:46  Assimilator  
  21  1:49  Probe  
  21  1:52  Pylon  
  22  2:01  Probe (Chrono Boost)  
  23  2:11  Adept (Chrono Boost)  
  23  2:13  Probe (Chrono Boost)  
  26  2:18  Probe (Chrono Boost)  
  26  2:20  Stargate  
  27  2:28  Probe  
  28  2:30  Warp Gate  
  28  2:32  Adept (Chrono Boost)  
  30  2:37  Probe  
  30  2:40  Probe  
  32  2:49  Probe  
  33  2:52  Probe  
  33  2:54  Adept  
  36  3:01  Probe  
  36  3:04  Probe  
  38  3:07  Oracle (Chrono Boost)  
  38  3:11  Pylon  
  41  3:13  Probe  
  41  3:16  Probe  
  43  3:23  Gateway  
  43  3:26  Gateway  
  43  3:27  Probe  
  43  3:28  Probe  
  45  3:39  Probe  
  45  3:40  Probe  
  47  3:41  Phoenix (Chrono Boost)  
  47  3:48  Pylon  
  49  3:51  Probe  
  49  3:52  Probe  
  49  3:55  Pylon  
  51  3:58  Oracle (Chrono Boost)  
  54  4:03  Assimilator  
  54  4:04  Assimilator  
  54  4:06  Probe x2  
  56  4:10  Pylon  
  56  4:18  Probe x2, Adept x2  
  56  4:21  Adept  
  64  4:30  Probe x2  
  66  4:40  Adept x2  
  66  4:42  Adept, Robotics Facility  
  72  4:48  Probe x2  
  74  4:53  Nexus  
  74  4:56  Pylon  
  74  5:00  Pylon  
  73  5:07  Sentry x2  
  73  5:10  Probe  
  78  5:14  Probe  
  78  5:20  Zealot  
  81  5:22  Probe  
  81  5:26  Probe  
  83  5:29  Immortal (Chrono Boost)  
  83  5:34  Probe  
  85  5:38  Probe  
  82  5:46  Probe  
  82  5:49  Sentry x2, Zealot  
  74  5:58  Immortal (Chrono Boost)  
  78  6:05  Gateway  
  78  6:06  Gateway  
  78  6:07  Gateway  
  78  6:08  Gateway  
  78  6:11  Sentry  
  80  6:12  Gateway  
  80  6:16  Sentry  
  82  6:19  Stalker  
  82  6:23  Gateway  
  84  6:26  Shield Battery  
  84  6:29  Warp Prism (Chrono Boost)  
  86  6:42  Forge, Zealot x3  
  86  6:46  Pylon  
  90  6:50  Immortal (Chrono Boost)  
  90  6:52  Probe x3  
  95  7:02  Pylon  
  95  7:03  Zealot x2  
  95  7:04  Probe x2, Zealot  
  95  7:05  Probe  
  104  7:08  Zealot x2  
  104  7:09  Sentry  
  104  7:15  Sentry x2  
  113  7:25  Zealot x4  
  118  7:30  Zealot  
  118  7:31  Zealot  
  118  7:44  Adept x3  
Show
View Real Time Build Order
Export as new Build Order

TSGSolar Zerg 

Build Orders: Hatch First 

Get SALT Encoding   

  12  0:01  Drone  
  13  0:12  Overlord  
  13  0:16  Drone  
  14  0:31  Drone x2  
  16  0:47  Hatchery  
  15  0:51  Drone  
  15  0:55  Drone  
  17  0:58  Drone  
  18  1:09  Extractor  
  17  1:15  Spawning Pool  
  17  1:17  Drone  
  17  1:20  Drone  
  18  1:28  Drone  
  19  1:38  Drone  
  20  1:47  Hatchery  
  19  1:49  Drone  
  20  2:03  Queen, Drone  
  23  2:11  Queen  
  25  2:18  Overlord  
  25  2:21  Drone  
  26  2:25  Drone  
  26  2:29  Metabolic Boost  
  27  2:33  Zergling x2  
  27  2:36  Zergling x2  
  29  2:39  Drone x2  
  31  2:46  Queen  
  31  2:50  Drone  
  34  2:55  Drone x2  
  36  3:01  Queen  
  36  3:04  Zergling x2  
  39  3:07  Zergling x2  
  39  3:10  Overlord  
  41  3:12  Drone  
  40  3:21  Drone  
  40  3:23  Drone  
  41  3:30  Drone  
  41  3:32  Drone x3  
  41  3:33  Drone x2  
  47  3:37  Drone  
  47  3:38  Extractor  
  48  3:49  Spore Crawler, Queen  
  48  3:50  Spore Crawler  
  48  3:52  Overlord  
  48  3:54  Drone  
  49  4:05  Evolution Chamber, Overlord  
  49  4:06  Drone  
  49  4:08  Overlord  
  49  4:11  Drone x2  
  49  4:12  Drone x3  
  49  4:16  Drone x3  
  57  4:20  Overlord  
  56  4:30  Drone x5  
  56  4:34  Drone x2  
  58  4:40  Zerg Melee Weapons Level 1  
  58  4:41  Drone x2  
  58  4:43  Drone  
  61  4:46  Baneling Nest  
  61  4:48  Zergling x2  
  61  4:49  Zergling x2  
  61  4:50  Drone  
  61  4:51  Drone  
  64  4:53  Zergling x4  
  64  4:56  Zergling x2, Extractor  
  64  4:57  Zergling x2  
  64  4:59  Zergling x2  
  69  5:00  Zergling x2  
  69  5:04  Lair  
  69  5:05  Drone x3  
  73  5:07  Overlord  
  73  5:10  Zergling x2  
  73  5:15  Overlord  
  73  5:18  Zergling x2  
  73  5:19  Zergling x6  
  73  5:22  Overlord  
  73  5:27  Zergling x6  
  75  5:32  Zergling x4  
  72  5:37  Drone x3  
  72  5:42  Drone  
  70  5:43  Drone  
  70  5:44  Drone  
  66  5:52  Zergling x2  
  66  5:53  Zergling x4, Queen  
  70  5:59  Queen  
  70  6:02  Overseer  
  70  6:04  Zergling x4  
  74  6:08  Zergling x2  
  75  6:14  Zergling x6  
  75  6:16  Nydus Network  
  76  6:19  Zergling x2  
  76  6:21  Zergling x4  
  76  6:24  Zergling x4, Queen  
  83  6:28  Overlord  
  83  6:29  Zergling x6  
  86  6:33  Zergling x2  
  86  6:34  Zergling x4  
  86  6:37  Queen  
  91  6:40  Zergling x6  
  86  6:49  Zergling x10  
  86  6:52  Nydus Canal  
  91  6:57  Zergling x6  
  91  6:58  Zergling x2, Overlord  
  91  6:59  Zergling x6  
  98  7:02  Queen  
  98  7:04  Zergling x2  
  101  7:08  Zergling x2  
  101  7:09  Zergling x2  
  101  7:13  Zergling x2  
  101  7:18  Zergling x4  
  101  7:26  Zergling x14  
  101  7:28  Zergling x2  
  98  7:30  Zergling x4  
  98  7:31  Zergling x2  
  98  7:34  Zergling x2  
  96  7:38  Zergling x2  
Tags
 
Add a new tag
Caveats
  • Supply blocks, unpowered buildings, or Contaminate may cause inaccurate times.
  • Supply counts are checked every 10 seconds.